 Dungeon Crawl Stone Soup version 0.30.0-29-ga12c61a403 (webtiles) character file.

Game seed: 14098423523931299948

13370 wesleywilliam the Fighter (level 11, -18/108 HPs)
             Began as a Minotaur Berserker on June 25, 2023.
             Was a High Priest of Trog.
             Shot with an arrow by a centaur warrior (21 damage)
             ... on level 11 of the Dungeon.
             The game lasted 00:50:12 (11916 turns).

wesleywilliam the Fighter (Minotaur Berserker)     Turns: 11916, Time: 00:50:15

Health: -18/108    AC: 18    Str: 23    XL:     11   Next: 74%
Magic:  19/19      EV:  5    Int:  8    God:    Trog [*****.]
Gold:   1204       SH:  8    Dex:  9    Spells: 10/10 levels left

rFire   + + .        u - +2 spear (flame)
rCold   + + .        S - +2 shield of Resistance {rF++ rC++ Will++}
rNeg    + . .        R - +3 plate armour {Will+}
rPois   .            (helmet restricted)
rElec   .            o - +0 cloak
rCorr   .            (no gloves)
SInv    .            l - +2 pair of boots
Will    +++..        f - amulet of magic regeneration Stlth
                     c - ring of positive energy
HPRegen 0.38/turn    K - ring of magical power
MPRegen 0.56/turn

%: no passive effects
@: hasted, very quick
A: horns 2, retaliatory headbutt
a: Renounce Religion, Berserk, Trog's Hand, Brothers in Arms


You were on level 11 of the Dungeon.
You worshipped Trog.
Trog was extremely pleased with you.
You visited 1 branch of the dungeon, and saw 11 of its levels.
You also visited: Bailey and Gauntlet.

You collected 1204 gold pieces.

Inventory:

Hand Weapons
 a - a +0 spear
 n - a +0 heavy sling
 u - a +2 spear of flaming (weapon)
 y - a +2 arbalest of draining
 E - a +3 bardiche
Missiles
 g - 16 boomerangs (quivered)
 i - 2 throwing nets
 j - 10 atropa-tipped darts
 x - 27 poisoned darts
 H - 6 curare-tipped darts
 P - 7 silver javelins
Armour
 k - a +1 plate armour
 l - a +2 pair of boots (worn)
 o - a +0 cloak (worn)
 C - +0 ice dragon scales
 Q - the +0 cloak of the Orcish Mines {Harm rF- Int+3}
   (You found it in a Gauntlet)

   Int:       It affects your intelligence (+3).
   rF:        It makes you vulnerable to fire.
   Harm:      It increases damage dealt and taken.
 R - a +3 plate armour of willpower (worn)
 S - the +2 shield of Resistance (worn) {rF++ rC++ Will++}
   (You found it in a Gauntlet)

   rF:        It greatly protects you from fire.
   rC:        It greatly protects you from cold.
   Will:      It greatly increases your willpower.
Jewellery
 c - a ring of positive energy (left hand)
 f - an amulet of magic regeneration (around neck)
 J - an amulet of the acrobat
 K - a ring of magical power (right hand)
 N - an amulet of guardian spirit
 U - the ring of Ogirchyi {*Slow rN+ Str+7}
   (You found it on level 11 of the Dungeon)

   [ring of positive energy]

   Str:       It affects your strength (+7).
   rN:        It protects you from negative energy.
   *Slow:     It may slow you when you take damage.
Wands
 t - a wand of quicksilver (19)
 A - a wand of digging (6)
 F - a wand of iceblast (21)
 I - a wand of flame (21)
Scrolls
 b - 2 scrolls of enchant armour
 e - 7 scrolls of teleportation
 h - a scroll of blinking
 m - 3 scrolls of identify
 r - 3 scrolls of vulnerability
 D - a scroll of acquirement {unknown}
 M - a scroll of enchant weapon
 O - 2 scrolls of magic mapping
 T - a scroll of poison
Potions
 d - 3 potions of might
 p - a potion of haste
 q - 2 potions of mutation
 s - 5 potions of curing
 w - 2 potions of lignification
 z - 4 potions of flight {unknown}
 B - a potion of invisibility {unknown}
 G - 2 potions of brilliance {unknown}
 L - a potion of attraction {unknown}
Miscellaneous
 v - a box of beasts


   Skills:
 + Level 13.9 Fighting
 - Level 12.0 Polearms
 * Level 12.0 Throwing
 - Level 2.4 Armour
 - Level 2.1 Dodging


You had 10 spell levels left.
You didn't know any spells.
Your spell library was empty.

Dungeon Overview and Level Annotations

Branches:
Dungeon (11/15)            Temple (0/1) D:5            Lair (0/5) D:8
    Orc (0/2) D:9          Bailey (visited)         Gauntlet (visited)

Altars:
Elyvilon
Fedhas
Makhleb
Nemelex Xobeh
Ru
Trog
Zin
The Shining One

Shops:
D:3 (

Portals:
Trove: D:10 (give +5 demon trident)

Annotations:
D:8 1 runed translucent door, croobank's ghost, novice OpTm


Innate Abilities, Weirdness & Mutations

You have a pair of horns on your head.
You reflexively headbutt those who attack you in melee.


Message History

The hell knight seems to speed up.
The yaktaur wields a +0 arbalest.
The yaktaur shoots a bolt.
The bolt hits you!
Okay, then.
Blink to where?
Press: ? - help, Dir - move target
As you read the scroll of blinking, it crumbles to dust.
The yaktaur shoots a bolt.
The bolt hits you but does no damage.
You open the door. The acid dragon spits acid at you.
You block the splash of acid.
The yaktaur shoots a bolt.
The bolt hits you.
The deep elf zephyrmancer casts a spell at you.
The bolt of lightning hits you!! The bolt of lightning hits you!!!
The yaktaur shoots a bolt.
The bolt hits you!
The centaur warrior wields a +0 longbow.
The centaur warrior shoots an arrow.
The arrow hits you!
* * * LOW HITPOINT WARNING * * *
You hear a shout! x3; You hear a bellow!
There is an open door, spattered with blood here.
Blink to where?
Press: ? - help, Dir - move target
As you read the scroll of blinking, it crumbles to dust.
As you read the scroll of teleportation, it crumbles to dust.
You feel strangely unstable.
You open the door.
A skeletal warrior comes into view. It is wielding a +0 scimitar.
Your surroundings suddenly seem different.
The centaur warrior shoots an arrow.
You block the arrow.
The deep elf zephyrmancer mumbles some strange words.
The deep elf zephyrmancer blinks!
The yaktaur shoots a bolt.
The bolt hits you!!
* * * LOW HITPOINT WARNING * * *
The skeletal warrior moves out of view.
It was a potion of haste.
You feel yourself speed up.
The centaur warrior shoots an arrow.
You block the arrow.
The hell knight invokes the aid of its god against you.
The bolt of fire hits the efreet.
The efreet completely resists.
The bolt of fire hits you. You resist.
* * * LOW HITPOINT WARNING * * *
The centaur warrior shoots an arrow.
The arrow hits you!!
You die...

⌠~,~⌠~,,*,,,,,,*,,,,*,,*,,,,,*,,,
~,,,~,,,******+*,,,,****,,,,,****
,,~,,,,,,,,,,,,,,,,,,,,,,,,,,,,,,
,~⌠~,,*****################O.,,,,
,,~,,,*,,,,+(.......p'....#..,,,,
~,,+,,*,,,,#......D☼.#...P#...,,,
⌠~,*,,*,,,,#......R○o#PW..#.....,
~,**,,*,,,,#:.......c#...P#....##
****,,*,,,,#....@...c#P...#....#.
*,,*,,,,#.........#...P#....'.
*,,*,,,,#.....e...#P...#....#.
****,,*,,,,#.........#...P#....#.
,,,,,,*,,,,#.........#P...#....#.
,,,,,,*+***#####+########'#....'.
****,,*,,,8*,,,,,,,,,*,,,.#....#.
,,,*,,*,,,,*,,,,,,,,,*,,,z#....#.
,,,*,,*,,,,*,,,,,,,,,*,,,.#....##


You could see a hell knight (fast), a centaur warrior, a yaktaur, a deep elf
zephyrmancer, an efreet, an acid dragon and an orc wizard.

Vanquished Creatures
  A minotaur (Gauntlet)
  Lodul (D:11)
  A minotaur zombie (Gauntlet)
  A komodo dragon (D:10)
  A queen bee (Gauntlet)
  A raiju (Gauntlet)
  2 trolls
  2 shadows (D:10)
  A wyvern (D:8)
  Eustachio (D:6)
  19 yaks
  A steam dragon (Gauntlet)
  Edmund (D:6)
  2 water moccasins
  2 acid dragons
  13 orc warriors
  A black bear (D:7)
  2 wolves (D:8)
  4 boggarts (D:10)
  6 ogres
  6 centaurs
  A phantom (D:6)
  10 kobold brigands
  2 bullfrogs
  5 scorpions
  2 gnoll sergeants
  12 wights
  10 killer bees
  3 electric eels (D:8)
  A jelly (D:7)
  4 orc priests
  4 hounds (D:8)
  2 sleepcaps
  Crazy Yiuf (D:2)
  A gnoll bouda (D:6)
  3 iguanas
  2 orc wizards (D:7)
  Robin (D:4)
  5 adders
  13 gnolls
  A white imp (D:7)
  An ufetubus (D:6)
  2 worms
  A dart slug (D:3)
  45 orcs
  8 bats
  An endoplasm (D:2)
  4 giant cockroaches
  14 goblins
  10 hobgoblins
  2 jackals (D:2)
  23 kobolds
  2 quokkas
  4 ball pythons
  3 frilled lizards (D:2)
  2 rats
274 creatures vanquished.

Vanquished Creatures (collateral kills)
  A wretched star (Gauntlet)
  A small abomination (Gauntlet)
2 creatures vanquished.

Grand Total: 276 creatures vanquished

Notes
Turn   | Place    | Note
-------+----------+-------------------------------------------
     0 | D:1      | wesleywilliam the Minotaur Berserker began the quest for
                  | the Orb.
     0 | D:1      | Reached XP level 1. HP: 19/19 MP: 0/0
   528 | D:1      | Reached XP level 2. HP: 26/26 MP: 1/1
  1010 | D:2      | Identified the +0 leather armour of Mumblety Peg {rPois rF+
                  | Int-2 Dex+3}
  1457 | D:2      | Reached skill level 5 in Polearms
  1584 | D:2      | Found a runed translucent door.
  1585 | D:2      | Noticed Crazy Yiuf
  1688 | D:2      | Reached XP level 3. HP: 31/31 MP: 2/2
  1816 | D:2      | Killed Crazy Yiuf
  1932 | D:3      | Reached XP level 4. HP: 39/39 MP: 3/3
  1996 | D:3      | Reached ** piety under Trog
  2138 | D:3      | Found Giggask's Weapon Boutique.
  2219 | D:3      | Found a bloodstained altar of Trog.
  2221 | D:3      | Found a blossoming altar of Fedhas.
  2276 | D:3      | Found a burning altar of Makhleb.
  2479 | D:4      | Noticed Robin
  2506 | D:4      | Killed Robin
  2518 | D:4      | Reached XP level 5. HP: 25/45 MP: 4/4
  2915 | D:4      | Found a glowing silver altar of Zin.
  3329 | D:5      | Entered Level 5 of the Dungeon
  3334 | D:5      | Found a sparkling altar of Nemelex Xobeh.
  3386 | D:5      | Reached XP level 6. HP: 33/51 MP: 5/5
  3504 | D:5      | Found a sacrificial altar of Ru.
  3866 | D:5      | Noticed a water moccasin
  3877 | D:5      | Killed a water moccasin
  3915 | D:5      | Reached XP level 7. HP: 52/57 MP: 6/6
  3963 | D:5      | Found a staircase to the Ecumenical Temple.
  3987 | D:5      | Reached skill level 10 in Polearms
  4894 | D:6      | Reached *** piety under Trog
  4928 | D:6      | Noticed Edmund
  4938 | D:6      | Killed Edmund
  4971 | D:6      | You fall into a shaft and drop 2 floors!
  5007 | D:8      | Reached XP level 8. HP: 53/64 MP: 7/7
  5146 | D:7      | Reached skill level 4 in Fighting
  5147 | D:7      | Reached skill level 1 in Throwing
  5157 | D:7      | Reached skill level 5 in Fighting
  5264 | D:6      | Reached skill level 6 in Fighting
  5276 | D:7      | Identified the +5 scale mail of the Centipede {Str+6}
  5455 | D:7      | Found a flagged portal.
  5465 | Bailey   | Entered a bailey
  5508 | Bailey   | Reached skill level 7 in Fighting
  5653 | Bailey   | Reached XP level 9. HP: 57/79 MP: 8/8
  5743 | Bailey   | Reached skill level 8 in Fighting
  5773 | Bailey   | Reached skill level 9 in Fighting
  5888 | Bailey   | Found a burning altar of Makhleb.
  6356 | D:7      | Reached **** piety under Trog
  6357 | D:7      | Reached skill level 5 in Throwing
  6596 | D:7      | Reached skill level 10 in Fighting
  6950 | D:6      | Noticed Eustachio
  6961 | D:6      | Killed Eustachio
  7326 | D:8      | Reached skill level 11 in Fighting
  7644 | D:8      | Reached XP level 10. HP: 95/95 MP: 9/9
  7771 | D:8      | Identified the +9 quarterstaff "Beastbane" {flame, Fragile
                  | rPois Str+6}
  7813 | D:8      | Found a staircase to the Lair.
  8278 | D:8      | Found a runed translucent door.
  8279 | D:8      | Noticed croobank's ghost (novice OpTm)
  8279 | D:8      | Identified the +6 spear "Odykh" {chaos, rN+ Will+ rCorr
                  | Int-5}
  8626 | D:9      | Reached ***** piety under Trog
  8651 | D:9      | Reached skill level 12 in Fighting
  9111 | D:9      | Found a staircase to the Orcish Mines.
  9478 | D:9      | Found a glowing golden altar of the Shining One.
  9758 | D:10     | Entered Level 10 of the Dungeon
  9844 | D:10     | Reached XP level 11. HP: 103/104 MP: 10/10
  9926 | D:10     | Found a white marble altar of Elyvilon.
  9948 | D:10     | Reached skill level 10 in Throwing
 10429 | D:10     | Reached skill level 13 in Fighting
 10501 | D:10     | Found a portal to a secret trove of treasure.
 10676 | D:11     | Noticed Lodul
 10845 | D:11     | Found a gate leading to a gauntlet.
 10851 | Gauntlet | Entered a Gauntlet
 10851 | Gauntlet | Found a transporter.
 10858 | Gauntlet | Found a transporter.
 10860 | Gauntlet | Found a transporter.
 10869 | Gauntlet | Found a transporter.
 10871 | Gauntlet | Found a transporter.
 10878 | Gauntlet | Found a runed translucent gate.
 10884 | Gauntlet | Found a transporter.
 10885 | Gauntlet | Found a runed translucent gate.
 10886 | Gauntlet | Found a runed translucent gate.
 10897 | Gauntlet | Noticed a wretched star
 10900 | Gauntlet | Found a transporter.
 10905 | Gauntlet | Found a transporter.
 10915 | Gauntlet | Found a transporter.
 10918 | Gauntlet | Noticed an obsidian statue
 10925 | Gauntlet | Found a transporter.
 10942 | Gauntlet | Found a transporter.
 10948 | Gauntlet | Found a transporter.
 10950 | Gauntlet | Found a transporter.
 10985 | Gauntlet | Received a gift from Trog
 11161 | Gauntlet | Killed a wretched star
 11238 | Gauntlet | Found the +2 shield of Resistance {rF++ rC++ Will++}
 11238 | Gauntlet | Noticed a minotaur
 11254 | Gauntlet | Killed a minotaur
 11488 | Gauntlet | Identified the +0 cloak of the Orcish Mines {Harm rF-
                  | Int+3}
 11769 | D:11     | Identified the ring of Ogirchyi {*Slow rN+ Str+7}
 11841 | D:11     | Killed Lodul
 11908 | D:11     | Noticed a centaur warrior
 11908 | D:11     | Noticed a hell knight
 11908 | D:11     | Noticed a deep elf zephyrmancer
 11915 | D:11     | Noticed a skeletal warrior
 11916 | D:11     | HP: 3/108 [hell knight/bolt of fire (6)]
 11916 | D:11     | Shot with an arrow by a centaur warrior

Illustrated notes

Levels and vault maps discovered:
D:1:      erik_arrival_triangle_small, layout_loops_corners,
          minmay_misc_feat_ornament
D:2:      layout_basic, serial_corexii_hall, chequers_hall_statues_y,
          corexii_hall_statues_l, corexii_hall_statues_x,
          corexii_hall_statues_l, uniq_crazy_yiuf_cottage
D:3:      layout_basic, lightli_temple_of_fire, jmf_multi_god_temple,
          serial_shops, nicolae_shop_hallway_plus, kennysheep_generic_room_13
D:4:      layout_cave_pods, mainiacjoe_overflow_alcove_1, saegor_snake_ambush,
          uniq_robin
D:5:      layout_loops_ring, mainiacjoe_overflow_tiny_flanked,
          nemelex_spade_bored_becter, minmay_temple_entry_sparse_star,
          serial_co_window_serial, co_window_paths_a, co_window_corner_a,
          co_window_paths_a, co_window_of_opportunity_a,
          co_window_of_opportunity_a, co_window_of_opportunity_a,
          co_window_cross_1, co_window_2corner, co_window_corner_b,
          co_window_of_opportunity_c, co_window_cross_4, co_window_4corner_b,
          chequers_serial_rivers_small_3
D:6:      layout_rooms, uniq_eustachio, uniq_edmund
D:7:      layout_basic, enter_bailey_5, st_stairs_1,
          minmay_misc_feat_nine_boxes, hangedman_decor_clover_reticule
D:8:      layout_basic, erik_lair_island, special_room [special_room_orc],
          ebering_ghost_funeral_grove
D:9:      old_forge, layout_long_grid, tso_oasis_becter, orc_david_3
D:10:     layout_long_grid, nicolae_overflow_crystal_walls,
          nicolae_trove_entry_diagonal
D:11:     minmay_klotski, layout_irregular_city, gauntlet_entry_generic,
          st_stairs_3, kennysheep_doodads, grunt_decor_fettered,
          nicolae_zen_rock_garden, uniq_lodul

Skill      XL: |  1  2  3  4  5  6  7  8  9 10 11 |
---------------+----------------------------------+-----
Polearms       | 4 5 6 8 9 11 12 | 12.0
Fighting       | 7 11 12 13 | 13.9
Throwing       | 3 6 9 12 | 12.0
Armour         | |  2.4
Dodging        | |  2.1

Action                     |  1- 3 |  4- 6 |  7- 9 | 10-12 || total
---------------------------+-------+-------+-------+-------++-------
  Melee: Spear             |    76 |   134 |   307 |   300 ||   817
         Headbutt          |     7 |    23 |    48 |    66 ||   144
         Punch             |     1 |     1 |     2 |     4 ||     8
  Throw: Dart              |       |     4 |     5 |       ||     9
         Boomerang         |       |       |    42 |   167 ||   209
 Invoke: Berserk           |       |       |     5 |     5 ||    10
         Trog's Hand       |       |       |     3 |     3 ||     6
         Brothers in Arms  |       |       |       |     1 ||     1
    Use: Scroll            |       |       |    11 |     9 ||    20
         Potion            |       |       |     1 |     1 ||     2
   Stab: Distracted        |       |     1 |       |       ||     1
 Armour: Ring mail         |    16 |       |       |       ||    16
         Animal skin       |     1 |       |       |       ||     1
         Plate armour      |    11 |    65 |   102 |     2 ||   180
         Ice dragon scales |       |       |    38 |    88 ||   126
         Skin              |       |       |     6 |       ||     6
  Dodge: Dodged            |    27 |    31 |    89 |    87 ||   234
  Block: Kite shield       |       |       |       |     3 ||     3
